 Dungeon Crawl Stone Soup version 0.16.2-2-g470672f (webtiles) character file.

149 monobi the Firebug (level 5, 0/38 HPs)
             Began as a Demonspawn Wanderer on Sept 4, 2015.
             Slain by a gnoll
             ... wielding a +0 halberd
              (17 damage)
             ... on level 4 of the Dungeon.
             The game lasted 00:06:18 (3041 turns).

monobi the Firebug (Demonspawn Wanderer)            Turns: 3041, Time: 00:06:18

Health: 0/38       AC:  5    Str: 17      XL:     5   Next: 9%
Magic:  7/7        EV: 12    Int:  8 (11) God:
Gold:   180        SH:  0    Dex: 11      Spells: 1 memorised, 6 levels left

rFire  . . .     SeeInvis .     g - +2 short sword (speed)
rCold  . . .     Clarity  .     d - +0 robe
rNeg   . . .     SustAb   .     (no shield)
rPois  .         Gourm    .     (no helmet)
rElec  .         Spirit   .     r - +1 cloak
rCorr  .         Warding  .     (no gloves)
rMut   .         Stasis   .     (no boots)
MR     .....                    (no amulet)
Stlth  ++........               (no ring)
                                (no ring)

@: not resistant to hostile enchantments, unstealthy
A: rugged brown scales 1, powered by pain 1, spiny 1
a: no special abilities


You were on level 4 of the Dungeon.
You were near starving.

You visited 1 branch of the dungeon, and saw 4 of its levels.

You collected 180 gold pieces.

Inventory:

Hand weapons
 a - a +2 quarterstaff
 e - a +2 short sword of venom
 g - a +2 short sword of speed (weapon)
 l - a cursed -1 dagger
Armour
 d - a +0 robe (worn)
 r - a +1 cloak (worn)
Jewellery
 v - an uncursed ring of protection from fire {unknown}
 w - an uncursed ring of fire {unknown}
Scrolls
 j - a scroll of magic mapping
 k - 2 scrolls of remove curse
 m - a scroll of recharging {unknown}
 n - a scroll of enchant armour {unknown}
 o - a scroll of fog {unknown}
 p - a scroll of identify {unknown}
 q - a scroll of fear {unknown}
 s - a scroll of blinking {unknown}
 x - a scroll of noise {unknown}
 y - a scroll of random uselessness {unknown}
Potions
 i - a potion of flight {unknown}
 t - a potion of cancellation
 A - 3 potions of haste
Books
 b - Borgnjor's Tome of Evil

   Spells                             Type                      Level
   a - Animate Skeleton               Necromancy                   1
   b - Regeneration                   Charms/Necromancy            3
 c - the Incunabulum of Nihilism

   Spells                             Type                      Level
   a - Flame Tongue                   Conjuration/Fire             1
   b - Throw Flame                    Conjuration/Fire             2
Comestibles
 f - a slice of pizza
 u - a bread ration
 B - a meat ration


   Skills:
 + Level 1.5 Fighting
 * Level 1.8 Short Blades
 + Level 2.6 Staves
 + Level 1.0 Throwing
 + Level 1.5 Dodging
 + Level 1.8 Stealth
 * Level 1.5 Spellcasting
 + Level 3.6 Fire Magic
   Level 1.0 Poison Magic


You had 6 spell levels left.
You knew the following spells:

 Your Spells              Type           Power        Failure   Level  Hunger
a - Flame Tongue          Conj/Fire      #....        21%         1    ##.....


Dungeon Overview and Level Annotations

Branches:
Dungeon (4/15)
 Temple: D:4-7

Altars:
Cheibriados
Makhleb
Qazlal


Innate Abilities, Weirdness & Mutations

You are partially covered in rugged brown scales (AC +1, +3% HP).
You sometimes gain a little power by taking damage.
You are partially covered in sharp spines.


Message History

There was something very wrong with that liquid.
You feel dopey.
Sorry, you're not good enough to have a special ability.
Drink which item? (? for menu, Esc to quit)
It was a potion of ambrosia.
You are confused.
You feel invigorated. The gnoll barely misses you.
Drink which item? (? for menu, Esc to quit)
It was a potion of curing.
You feel better.
You feel less invigorated. The gnoll closely misses you.
You hit the gnoll.
The gnoll is severely wounded.
The gnoll hits you with a spear.
You hit the gnoll.
The gnoll is almost dead.
The gnoll misses you.
You hit the gnoll.
You kill the gnoll!
The gnoll hits you from afar with a halberd!
You die...

#.# #.### ####..<#
.....### .....# .....#
.....#
.....##############.###
.....'..........@.g...#
.....##############.#.#
######


You could see a gnoll.

Vanquished Creatures
  An orc wizard (D:4)
  A gnoll (D:4)
  2 adders
  A giant mite (D:3)
  2 giant geckos
  3 oozes
  8 orcs
  8 bats
  5 giant cockroaches
  6 goblins
  9 hobgoblins
  4 jackals (D:1)
  A quokka (D:4)
  4 giant newts
  12 kobolds
  9 rats
76 creatures vanquished.

Notes
Turn   | Place    | Note
--------------------------------------------------------------
     0 | D:1      | monobi, the Demonspawn Wanderer, began the quest for the Orb.
     0 | D:1      | monobi set off with: a +2 quarterstaff, Borgnjor's Tome of Evil, the Incunabulum of Nihilism, a +0 robe, a bread ration
     0 | D:1      | Reached XP level 1. HP: 15/15 MP: 1/1
     0 | D:1      | Identified Borgnjor's Tome of Evil
     0 | D:1      | Identified the Incunabulum of Nihilism
   137 | D:1      | Gained mutation: You are partially covered in sharp spines. [demonic ancestry]
   137 | D:1      | Reached XP level 2. HP: 9/21 MP: 2/2
   588 | D:1      | Learned a level 1 spell: Flame Tongue
   751 | D:1      | Reached skill level 1 in Dodging
   968 | D:1      | Reached XP level 3. HP: 22/26 MP: 3/3
  1102 | D:2      | Found a burning altar of Makhleb.
  1319 | D:2      | Found a stormy altar of Qazlal.
  1948 | D:3      | Gained mutation: You sometimes gain a little power by taking damage. [demonic ancestry]
  1948 | D:3      | Reached XP level 4. HP: 30/32 MP: 4/4
  2043 | D:3      | Reached skill level 1 in Short Blades
  2043 | D:3      | Reached skill level 1 in Spellcasting
  2616 | D:4      | Found a snail-covered altar of Cheibriados.
  3001 | D:4      | Gained mutation: You are partially covered in rugged brown scales (AC +1, +3% HP). [demonic ancestry]
  3001 | D:4      | Reached XP level 5. HP: 28/38 MP: 7/7
  3041 | D:4      | Slain by a gnoll

Action                   |  1- 3 |  4- 6 || total
-------------------------+-------+-------++-------
Melee: Quarterstaff      |    48 |       ||    48
       Short sword       |   114 |    83 ||   197
  Use: Scroll            |     2 |       ||     2
       Potion            |       |     7 ||     7
 Stab: Sleeping          |     4 |     2 ||     6
  Eat: Bread ration      |     1 |       ||     1
       Chunk             |       |     1 ||     1
